Unix NetHack Version 5.0.0-0 post-release - last build May 23 2026 06:08:33 (1c0ff79ee797540d5714e4e18072db0edd9e58ae,branch:main).

Game began 2026-05-19 14:12:14, ended 2026-05-25 16:34:19.

GdeVolpiano, lawful male dwarven Caveman

                                                   ---
                                                    .|
                                                   -.|
                                                   |.|
                                                   |.|
                                                   |.|
                                              |----|.|
                                              ..|Z)|.*#
                                              -mx. |.|% #
                                              |@----.|###
                                              |......-#)##
                                              |--.|-.|#  ###
                                              |....|.|#### ##
                                              |....|.|#     #
                                              ------.|#     #-+-.-.--
                                                    .|#######....<..|
                                                   ---       |......|
                                                             |......|
                                                             --------

GdeVolpiano the Aborigine  St:18/06 Dx:10 Co:17 In:9 Wi:8 Ch:7  Lawful
Dlvl:5  $:43 HP:0(39) Pw:8(8) AC:2  Xp:4 T:1680 

Latest messages:
 It bites!
 What do you want to drink? [iks or ?*]
 You feel better.
 You can see again.
 The rothe hits!
 The rothe bites!
 The rothe just misses!
 You kill the rothe!
 You see here a rothe corpse.
 The monkey hits!
 The monkey stole a black potion.
 The monkey tries to run away with your black potion.
 b - a +2 sling (weapon in right hand).
 a - a +1 club (alternate weapon; not wielded).
 You hear the splashing of a naiad.
 In what direction?
 The flint stone misses the werejackal.
 a - a +1 club (weapon in right hand).
 b - a +2 sling (alternate weapon; not wielded).
 b - a +2 sling (weapon in right hand).
 a - a +1 club (alternate weapon; not wielded).
 In what direction?
 You shoot 2 flint stones.
 The 1st flint stone hits the werejackal.
 The 2nd flint stone hits the werejackal.
 The werejackal changes into a jackal.
 In what direction?
 You shoot 2 flint stones.
 The 1st flint stone hits the werejackal.
 The 2nd flint stone hits the werejackal.
 You kill the werejackal!
 Welcome to experience level 4.
 a - a +1 club (weapon in right hand).
 b - a +2 sling (alternate weapon; not wielded).
 c - 2 uncursed flint stones (in quiver pouch) (16 in total).
 You see here a sling.
 c - an uncursed flint stone (in quiver pouch) (17 in total).
 You miss the manes.
 The manes hits!
 The manes hits again!
 The manes bites!
 You destroy the manes!
 You see here a rothe corpse.
 That strange object is a giant mimic!
 The giant mimic hits!
 The giant mimic hits again!
 You cannot escape from the giant mimic!
 The giant mimic hits!
 You die...
 Do you want your possessions identified? [ynq] (y)

Inventory:
 Coins    ('$')
  $ - 43 gold pieces
 Amulets  ('"')
  p - a cursed amulet of reflection
 Weapons  (')')
  b - a +2 sling (alternate weapon; not wielded)
  a - a +1 club (weapon in right hand)
 Armor    ('[')
  j - an uncursed +0 pair of leather gloves (being worn)
  h - an uncursed +1 bronze plate mail (being worn)
 Comestibles  ('%')
  n - 3 uncursed food rations
  r - an uncursed fortune cookie
  m - an uncursed pancake
  d - an uncursed lichen corpse
 Scrolls  ('?')
  f - a blessed scroll of punishment
  g - an uncursed scroll of taming
 Potions  ('!')
  s - an uncursed potion of water
 Tools    ('(')
  l - 2 cursed wax candles
 Gems/Stones  ('*')
  t - an uncursed worthless piece of black glass
  q - a cursed worthless piece of orange glass
  o - an uncursed worthless piece of violet glass
  u - 2 uncursed worthless pieces of yellowish brown glass
  c - 17 uncursed flint stones (in quiver pouch)

GdeVolpiano the Caveman's attributes:

Background:
 You were an Aborigine, a level 4 dwarven Caveman.
 You were lawful, nominally on a mission for Anu
 who was opposed by Ishtar (neutral) and Anshar (chaotic).
 You were right-handed.
 You were in the Gnomish Mines, on level 5.
 You entered the dungeon 1680 turns ago.
 You had 89 experience points, 71 more were needed to attain level 5.

Basics:
 You had 0 out of 39 hit points.
 You had all 8 energy points (spell power).
 Your armor class was 2.
 Your wallet contained 43 zorkmids.
 Autopickup was on for '$?!/="+' plus thrown, with exceptions.

Final Characteristics:
 Your strength was 18/06 (limit:18/100).
 Your dexterity was 10 (limit:20).
 Your constitution was 17 (limit:20).
 Your intelligence was 9 (limit:16).
 Your wisdom was 8 (limit:16).
 Your charisma was 7 (limit:16).

Final Status:
 You were held by a giant mimic (north).
 You weren't hungry.
 You were unencumbered.
 You were wielding a club.
 You had basic skill with club.

Final Attributes:
 You were devoutly aligned.
 You had infravision.
 You were warded.
 Your spell casting was impaired by metallic armor.
 You are dead.

Miscellaneous:
 You encountered 1 bones level.
 Total elapsed playing time was 39 minutes and 56 seconds.

Major events:
 Turn
    1: GdeVolpiano the lawful dwarven Caveman entered the dungeon
  800: entered the Gnomish Mines
 1226: attained the rank of Aborigine (level 3)
 1585: reached Mine Town
 1680: killed by a giant mimic

Spells:
 Name                 Level Category     Fail Retention
 light                  1   divination   100%  76%-100%

Skills:
 Fighting Skills
   bare handed combat [Basic]
 Weapon Skills
   dagger             [Unskilled]
   knife              [Unskilled]
   axe                [Unskilled]
   pick-axe           [Unskilled]
   club               [Basic]
   mace               [Unskilled]
   morning star       [Unskilled]
   flail              [Unskilled]
   hammer             [Unskilled]
   quarterstaff       [Unskilled]
   polearms           [Unskilled]
   spear              [Unskilled]
   trident            [Unskilled]
   bow                [Unskilled]
   sling              [Basic]
   boomerang          [Unskilled]
   unicorn horn       [Unskilled]
 Spellcasting Skills
   attack spells      [Unskilled]
   matter spells      [Unskilled]

Voluntary challenges:
 Character rerolling was not enabled.
 You were an atheist.
 You never genocided any monsters.
 You never polymorphed an object.
 You never changed form.
 You used no wishes.
Achievements:
 You entered the Gnomish Mines.
 You attained the rank of Aborigine.
 You entered Minetown.

 The Dungeons of Doom: levels 1 to 3
    Level 1: "vault"
       A sink.
    Level 2: "vault"
       A sink.
       Stairs down to The Gnomish Mines.
    Level 3:
 The Gnomish Mines: levels 3 to 5
    Level 3:
    Level 4:
    Level 5: <- You were here.
       Final resting place for
          you, killed by a giant mimic,
          atorox-Tou-Hum-Mal-Neu, killed by a gnome lord.


Vanquished creatures:
 an ape
  a yellow light
 an elf zombie
  a little dog
  a rothe
  a rabid rat
  a werejackal
 an acid blob
  a coyote
  a manes
  a hobgoblin
  a gnome
  3 gnome zombies
  4 jackals
  a fox
  a kobold
  3 goblins
  3 grid bugs
  3 lichens
  a kobold zombie
  3 newts
34 creatures vanquished.

No species were genocided or became extinct.

Game over:
                       ----------
                      /          \
                     /    REST    \
                    /      IN      \
                   /     PEACE      \
                  /                  \
                  |   GdeVolpiano    |
                  |      43 Au       |
                  |   killed by a    |
                  |   giant mimic    |
                  |                  |
                  |                  |
                  |       2026       |
                 *|     *  *  *      | *
        _________)/\\_//(\/(/\)/\//\/|_)_______

Goodbye GdeVolpiano the Caveman...

You died in The Gnomish Mines on dungeon level 5 with 605 points,
and 43 pieces of gold, after 1680 moves.
You were level 4 with a maximum of 39 hit points when you died.

